 Dungeon Crawl Stone Soup version 0.27-a0-1595-g0b823d0a13 (webtiles) character file.

Game seed: 3605944963959222844

79285 gruber the Fighter (level 15, -1/120 HPs)
             Began as a Gnoll Conjurer on July 20, 2021.
             Was an Elder of Vehumet.
             Slain by a nagaraja (6 damage)
             ... on level 1 of the Snake Pit on July 21, 2021.
             The game lasted 00:51:47 (29542 turns).

gruber the Fighter (Gnoll Conjurer)                Turns: 29542, Time: 00:51:48

Health: -1/120     AC: 15    Str:  7    XL:     15   Next: 63%
Magic:  23/30      EV: 14    Int: 40    God:    Vehumet [****..]
Gold:   1351       SH:  0    Dex: 14    Spells: 5/36 levels left

rFire    . . .     SeeInvis .   H - staff of poison
rCold    . . .     Faith    .   (no shield)
rNeg     . . .     Spirit   .   V - +1 robe of Mezcal {Int+5}
rPois    +         Reflect  .   a - +2 hat
rElec    .         Harm     .   A - +1 cloak {rCorr}
rCorr    +         Rampage  .   B - +2 pair of gloves {Dex+3}
Will     +....                  N - +2 pair of boots
Stlth    +++++.....             F - amulet of magic regeneration
HPRegen  0.30/turn              C - +6 ring of intelligence
MPRegen  0.47/turn              P - +6 ring of intelligence

@: freezing walls, constricted, studying Fighting
A: fangs 1, strong nose, distributed training
a: Renounce Religion


You were on level 1 of the Snake Pit.
You worshipped Vehumet.
Vehumet was greatly pleased with you.
You visited 4 branches of the dungeon, and saw 22 of its levels.

You collected 1627 gold pieces.
You spent 276 gold pieces at shops.

Inventory:

Hand Weapons
 Y - a +0 demon trident
Missiles
 d - 7 silver javelins
 i - 5 curare-tipped darts
 Z - 2 throwing nets
Armour
 a - a +2 hat (worn)
 o - a +1 robe of resistance
 A - a +1 cloak of preservation (worn)
 B - a +2 pair of gloves of dexterity (worn)
 N - a +2 pair of boots (worn)
 V - the +1 robe of Mezcal (worn) {Int+5}
   (You found it on level 6 of the Lair of Beasts)

   Int:       It affects your intelligence (+5).
Magical Staves
 q - a staff of conjuration
 H - a staff of poison (weapon)
Jewellery
 x - a ring of protection from fire
 C - a +6 ring of intelligence (left hand)
 F - an amulet of magic regeneration (around neck)
 P - a +6 ring of intelligence (right hand)
 Q - a ring of resist corrosion
 R - a ring of see invisible
Wands
 f - a wand of paralysis (7)
 t - a wand of iceblast (15)
 G - a wand of digging (4)
 J - a wand of polymorph (12)
 K - a wand of mindburst (48)
Scrolls
 b - 2 scrolls of identify
 e - 5 scrolls of teleportation {unknown}
 h - 3 scrolls of magic mapping {unknown}
 n - 6 scrolls of fog {unknown}
 p - 7 scrolls of enchant weapon {unknown}
 r - 2 scrolls of brand weapon {unknown}
 s - 4 scrolls of enchant armour {unknown}
 z - a scroll of silence
 E - a scroll of amnesia
 L - 6 scrolls of noise {unknown}
 O - a scroll of fear
Potions
 k - 4 potions of curing
 l - 2 potions of invisibility
 u - 3 potions of berserk rage
 v - 5 potions of flight
 w - 2 potions of brilliance
 I - a potion of heal wounds
 M - 3 potions of haste
 S - 3 potions of magic
 X - a potion of cancellation
Miscellaneous
 U - a phantom mirror
 W - a condenser vane


   Skills:
 + Level 12.0 Fighting
 + Level 10.2 Short Blades
 + Level 10.2 Long Blades
 + Level 10.2 Axes
 + Level 10.2 Maces & Flails
 + Level 10.2 Polearms
 + Level 10.2 Staves
 + Level 10.2 Slings
 + Level 10.2 Bows
 + Level 10.2 Crossbows
 + Level 10.2 Throwing
 + Level 10.2 Armour
 + Level 11.1 Dodging
 + Level 11.0 Stealth
 + Level 10.2 Shields
 + Level 10.2 Unarmed Combat
 + Level 11.2 Spellcasting
 + Level 11.0 Conjurations
 + Level 8.6 Hexes
 + Level 8.6 Summonings
 + Level 8.6 Necromancy
 + Level 8.6 Translocations
 + Level 8.6 Transmutations
 + Level 8.6 Fire Magic
 + Level 8.6 Ice Magic
 + Level 8.6 Air Magic
 + Level 8.6 Earth Magic
 + Level 8.6 Poison Magic
 + Level 11.0 Invocations
 + Level 10.2 Evocations


You had 5 spell levels left.
You knew the following spells:

 Your Spells              Type           Power      Damage    Failure   Level
b - Searing Ray           Conj           100%       3d7       1%          2
c - Dazzling Flash        Conj/Hex       100%       N/A       1%          3
d - Mephitic Cloud        Conj/Pois/Air  98%        N/A       1%          3
e - Olgreb's Toxic Radia  Pois           95%        N/A       1%          4
f - Apportation           Tloc           100%       N/A       1%          1
g - Borgnjor's Vile Clut  Necr/Erth      37%        N/A       1%          5
h - Ignite Poison         Fire/Tmut/Pois 95%        N/A       1%          3
i - Stone Arrow           Conj/Erth      100%       3d13      1%          3
j - Sublimation of Blood  Necr           37%        N/A       1%          2
k - Frozen Ramparts       Ice            100%       1d12      1%          3
l - Blink                 Tloc           N/A        N/A       1%          2

Your spell library contained the following spells:

 Spells                   Type           Power      Damage    Failure   Level
 Hailstorm                Conj/Ice       79%        3d16      1%          4
 Magic Dart               Conj           100%       1d8       0%          1
 Animate Skeleton         Necr           100%       N/A       1%          1
 Corona                   Hex            83%        N/A       1%          1
 Pain                     Necr           100%       1d9       1%          1
 Summon Small Mammal      Summ           100%       N/A       1%          1
 Ensorcelled Hibernation  Hex/Ice        100%       N/A       1%          2
 Passwall                 Tmut/Erth      62%        N/A       1%          2
 Poisonous Vapours        Pois/Air       100%       N/A       1%          2
 Call Canine Familiar     Summ           75%        N/A       1%          3
 Summon Guardian Golem    Hex/Summ       75%        N/A       1%          3
 Swiftness                Air            75%        N/A       1%          3
 Tukima's Dance           Hex            75%        N/A       1%          3
 Vampiric Draining        Necr           37%        2d11      1%          3
 Animate Armour           Summ/Erth      100%       N/A       1%          4
 Animate Dead             Necr           37%        N/A       1%          4
 Fulminant Prism          Conj/Hex       39%        3d18      1%          4
 Iskenderun's Mystic Bla  Conj/Tloc      79%        2d16      1%          4
 Petrify                  Tmut/Erth      75%        N/A       1%          4
 Alistair's Intoxication  Tmut/Pois      63%        N/A       1%          5
 Irradiate                Conj/Tmut      39%        3d26      1%          5
 Manifold Assault         Tloc           75%        N/A       1%          5
 Conjure Ball Lightning   Conj/Air       39%        3x3d13    1%          6
 Death Channel            Necr           37%        N/A       7%          6
 Invisibility             Hex            37%        N/A       7%          6
 Ozocubu's Refrigeration  Ice            37%        4d12      11%         7
 Storm Form               Tmut/Air       37%        N/A       36%         7
 Lehudib's Crystal Spear  Conj/Erth      39%        10d10     41%         8
 Ignition                 Fire           37%        3d11      56%         8
 Discord                  Hex            37%        N/A       96%         8
 Disjunction              Tloc           37%        N/A       96%         8
 Necromutation            Tmut/Necr      37%        N/A       96%         8


Dungeon Overview and Level Annotations

Branches:
Dungeon (14/15)            Temple (1/1) D:6            Lair (6/6) D:8
  Swamp (0/4) Lair:3        Snake (1/4) Lair:4        Slime (0/5) Lair:5
    Orc (0/2) D:12
 Vaults: D:13-14

Altars:
Ashenzari
Cheibriados
Dithmenos
Elyvilon
Fedhas
Gozag
Hepliaklqana
Kikubaaqudgha
Makhleb
Nemelex Xobeh
Okawaru
Qazlal
Ru
Sif Muna
Trog
Uskayaw
Vehumet
Wu Jian
Xom
Yredelemnul
Zin
The Shining One

Shops:
D:1 [   D:12 (

Annotations:
D:14 Agnes
Lair:5 exclusion: oklob plant


Innate Abilities, Weirdness & Mutations

You have very sharp teeth.
Your uncanny sense of smell can sniff out nearby items.
Your experience applies equally to all skills.


Message History

The stone arrow hits the guardian serpent!
The guardian serpent is heavily wounded.
The wall freezes the guardian serpent.
The guardian serpent hits you!
A shock serpent comes into view.
The wall freezes the nagaraja.
The nagaraja barely misses you. The nagaraja grabs you.
The nagaraja constricts you.
The wall freezes the guardian serpent.
The guardian serpent hits you.
Unknown command.
The stone arrow hits the nagaraja!!
The nagaraja is moderately wounded.
The wall freezes the shock serpent.
The shock serpent shoots out a bolt of lightning at you!
The bolt of electricity hits you! The bolt of electricity hits you!!
The wall freezes the guardian serpent.
The guardian serpent hits you!!
The wall freezes the nagaraja!
The nagaraja hits you with a +0 club!
* * * LOW HITPOINT WARNING * * *
x2 The nagaraja constricts you.
The wall freezes the shock serpent.
The shock serpent seems to slow down.
The shock serpent shoots out a bolt of lightning at you!
The bolt of electricity hits you.
* * * LOW HITPOINT WARNING * * *
The bolt of electricity hits you!
* * * LOW HITPOINT WARNING * * *
The shock serpent's electric aura discharges, shocking you!
* * * LOW HITPOINT WARNING * * *
Unknown command.
Unknown command.
Unknown command.
Unknown command.
As you read the scroll of fear, it crumbles to dust.
You assume a fearsome visage.
The nagaraja looks frightened!
The guardian serpent looks frightened!
The shock serpent looks frightened!
The wall freezes the guardian serpent.
Your attack snaps the guardian serpent out of its fear.
The wall freezes the nagaraja!
Your attack snaps the nagaraja out of its fear.
The nagaraja spits poison at you. The splash of poison hits you. You resist.
* * * LOW HITPOINT WARNING * * *
You die...

#. #
##.#####.##.# ∆
∆ ..
#.##.##.##÷##.#
∆ #.#
#........)....#
#.
#.##.##.##.##[#
#∆##.#####.####
#...# #...# ∆ ∆
#####∆##.##
#.##.##.##. ∆
#S.@N.......
#!##.##.##.# #
#.# # N.S∆ ####
∆ ∆


You could see a nagaraja (catching breath), a shock serpent (fleeing, slow) and
a guardian serpent (fleeing).

Vanquished Creatures
  Gastronok (Lair:1)
  Aizul (Snake:1)
  Josephine (D:13)
  A naga warrior (Snake:1)
  8 hydras
  A catoblepas (Lair:6)
  3 boulder beetles
  2 centaur warriors (D:13)
  3 anacondas (Snake:1)
  Erica (D:10)
  A two-headed ogre (D:10)
  18 death yaks
  A deep troll shaman (Lair:6)
  Urug (D:10)
  A shock serpent (Snake:1)
  Sonja (D:10)
  A naga sharpshooter (Snake:1)
  A naga ritualist (Snake:1)
  2 oklob plants (Lair:1)
  3 cyclopes
  2 salamanders (Snake:1)
  10 elephants
  Maurice (D:12)
  3 naga magi (Snake:1)
  18 black mambas
  2 guardian serpents (Snake:1)
  A torpor snail (Lair:2)
  Maggie (Lair:1)
  2 gargoyles
  10 cane toads
  4 rime drakes
  4 kobold demonologists
  12 komodo dragons
  3 yaktaurs (D:12)
  A troll (D:10)
  A hornet (D:9)
  4 polar bears
  3 dream sheep (Lair:2)
  Prince Ribbit (D:5)
  A meliai zombie (D:11)
  23 blink frogs
  A water elemental (D:11)
  2 wyverns
  A centaur simulacrum (D:11)
  4 wraiths
  34 yaks
  Grum (Lair:1)
  2 basilisks
  A steam dragon (D:7)
  10 vampire mosquitoes
  9 nagas (Snake:1)
  2 acid dragons
  15 water moccasins
  6 orc warriors
  2 ice beasts
  A sky beast (D:5)
  5 black bears
  2 ogres
  A necrophage (D:2)
  20 wolves
  4 centaurs
  A phantom (D:5)
  5 kobold brigands
  16 bullfrogs
  3 scorpions
  11 killer bees
  10 wights
  2 electric eels
  4 howler monkeys
  A jelly (D:8)
  A bullfrog zombie (D:5)
  2 centaur zombies
  2 hounds
  4 orc priests
  Crazy Yiuf (D:7)
  Jessica (D:3)
  A bullfrog skeleton (D:6)
  A scorpion zombie (D:5)
  8 orc wizards
  5 adders
  A shadow imp (D:6)
  2 worms
  A dart slug (D:1)
  32 orcs
  8 endoplasms
  4 giant cockroaches
  11 goblins
  7 hobgoblins
  4 jackals (D:1)
  19 kobolds
  3 quokkas
  5 ball pythons
  5 bats
  4 frilled lizards
  A rat (D:3)
468 creatures vanquished.

Vanquished Creatures (others)
  31 fungi
  38 plants
69 creatures vanquished.

Grand Total: 537 creatures vanquished

Notes
Turn   | Place    | Note
-------+----------+-------------------------------------------
     0 | D:1      | gruber the Gnoll Conjurer began the quest for the Orb.
     0 | D:1      | Reached XP level 1. HP: 13/13 MP: 6/6
   188 | D:1      | Reached XP level 2. HP: 19/19 MP: 4/7
   198 | D:1      | Learned a level 2 spell: Searing Ray
   475 | D:1      | Found a faded altar of an unknown god.
   532 | D:1      | Found Muxaronu's Antique Armour Shoppe.
   682 | D:1      | Reached XP level 3. HP: 25/25 MP: 7/9
   733 | D:1      | Reached skill level 5 in Spellcasting
  1038 | D:2      | Noticed a necrophage
  1046 | D:2      | Killed a necrophage
  1047 | D:2      | Reached skill level 1 in Fighting
  1047 | D:2      | Reached skill level 1 in Short Blades
  1047 | D:2      | Reached skill level 1 in Long Blades
  1047 | D:2      | Reached skill level 1 in Axes
  1047 | D:2      | Reached skill level 1 in Maces & Flails
  1047 | D:2      | Reached skill level 1 in Polearms
  1047 | D:2      | Reached skill level 1 in Staves
  1047 | D:2      | Reached skill level 1 in Slings
  1047 | D:2      | Reached skill level 1 in Bows
  1047 | D:2      | Reached skill level 1 in Crossbows
  1047 | D:2      | Reached skill level 1 in Throwing
  1047 | D:2      | Reached skill level 1 in Armour
  1047 | D:2      | Reached skill level 1 in Shields
  1047 | D:2      | Reached skill level 1 in Unarmed Combat
  1047 | D:2      | Reached skill level 1 in Hexes
  1047 | D:2      | Reached skill level 1 in Summonings
  1047 | D:2      | Reached skill level 1 in Necromancy
  1047 | D:2      | Reached skill level 1 in Translocations
  1047 | D:2      | Reached skill level 1 in Transmutations
  1047 | D:2      | Reached skill level 1 in Fire Magic
  1047 | D:2      | Reached skill level 1 in Ice Magic
  1047 | D:2      | Reached skill level 1 in Air Magic
  1047 | D:2      | Reached skill level 1 in Earth Magic
  1047 | D:2      | Reached skill level 1 in Poison Magic
  1047 | D:2      | Reached skill level 1 in Invocations
  1047 | D:2      | Reached skill level 1 in Evocations
  1047 | D:2      | Reached XP level 4. HP: 23/32 MP: 1/11
  1157 | D:2      | Reached XP level 5. HP: 37/37 MP: 10/12
  2182 | D:3      | Found a shadowy altar of Dithmenos.
  2277 | D:3      | Noticed Jessica
  2279 | D:3      | Killed Jessica
  2435 | D:3      | Found a white marble altar of Elyvilon.
  3328 | D:4      | Found a sparkling altar of Nemelex Xobeh.
  3355 | D:4      | Found a blossoming altar of Fedhas.
  3440 | D:4      | Reached XP level 6. HP: 44/44 MP: 7/13
  3495 | D:4      | Found a hide-covered altar of Uskayaw.
  3787 | D:5      | Entered Level 5 of the Dungeon
  3810 | D:5      | Reached skill level 2 in Fighting
  3810 | D:5      | Reached skill level 5 in Dodging
  3907 | D:5      | Noticed Prince Ribbit
  3914 | D:5      | Killed Prince Ribbit
  3915 | D:5      | Reached XP level 7. HP: 51/51 MP: 3/15
  3976 | D:5      | Learned a level 3 spell: Dazzling Flash
  4222 | D:5      | Reached skill level 5 in Stealth
  4408 | D:5      | Found an opulent altar of Gozag.
  4872 | D:5      | Reached XP level 8. HP: 57/57 MP: 8/16
  5091 | D:6      | Reached skill level 3 in Fighting
  5522 | D:6      | Found a staircase to the Ecumenical Temple.
  6403 | D:1      | Bought a pair of embroidered gloves for 157 gold pieces
  6562 | Temple   | Entered the Ecumenical Temple
  6839 | D:7      | Reached XP level 9. HP: 63/65 MP: 8/18
  7044 | D:7      | Reached skill level 4 in Fighting
  7267 | D:7      | Found a runed translucent door.
  7268 | D:7      | Noticed Crazy Yiuf
  7828 | D:7      | Killed Crazy Yiuf
  8226 | D:8      | Noticed an elephant
  8238 | D:8      | Killed an elephant
  8239 | D:8      | Reached skill level 5 in Invocations
  8375 | D:8      | Found a staircase to the Lair.
  8404 | D:8      | Reached XP level 10. HP: 73/73 MP: 17/20
  8533 | D:8      | Got Sif Muna's Catalogue of Venom and Transformation
  8538 | D:8      | Learned a level 3 spell: Mephitic Cloud
  8543 | D:8      | Learned a level 4 spell: Olgreb's Toxic Radiance
  8568 | D:8      | Found a radiant altar of Vehumet.
  8674 | D:8      | Became a worshipper of Vehumet
  9216 | D:1      | Bought an ancient robe for 119 gold pieces
  9216 | D:1      | Identified the +2 robe of the Barber Surgeon {Regen+ Int+3}
                  | (You bought it in a shop on level 1 of the Dungeon)
  9443 | D:9      | Paralysed by a hornet for 3 turns
  9447 | D:9      | Reached skill level 5 in Fighting
  9447 | D:9      | Reached skill level 5 in Short Blades
  9447 | D:9      | Reached skill level 5 in Long Blades
  9447 | D:9      | Reached skill level 5 in Axes
  9447 | D:9      | Reached skill level 5 in Maces & Flails
  9447 | D:9      | Reached skill level 5 in Polearms
  9447 | D:9      | Reached skill level 5 in Staves
  9447 | D:9      | Reached skill level 5 in Slings
  9447 | D:9      | Reached skill level 5 in Bows
  9447 | D:9      | Reached skill level 5 in Crossbows
  9447 | D:9      | Reached skill level 5 in Throwing
  9447 | D:9      | Reached skill level 5 in Armour
  9447 | D:9      | Reached skill level 5 in Shields
  9447 | D:9      | Reached skill level 5 in Unarmed Combat
  9447 | D:9      | Reached skill level 5 in Evocations
  9863 | D:9      | Found a bloodstained altar of Trog.
 10316 | D:10     | Entered Level 10 of the Dungeon
 10316 | D:10     | Found a snail-covered altar of Cheibriados.
 10335 | D:10     | Noticed Erica
 10351 | D:10     | Noticed Urug
 10376 | D:10     | Killed Erica
 10560 | Lair:1   | Entered Level 1 of the Lair of Beasts
 10754 | Lair:1   | Noticed an oklob plant
 10754 | Lair:1   | Noticed an oklob plant
 10783 | Lair:1   | Noticed Maggie
 10816 | Lair:1   | Killed Maggie
 11290 | Lair:1   | Noticed Grum
 11307 | Lair:1   | Killed Grum
 11308 | Lair:1   | Reached XP level 11. HP: 81/81 MP: 7/22
 11450 | Lair:1   | Noticed Gastronok
 11991 | Lair:2   | Reached skill level 6 in Fighting
 11993 | Lair:2   | Reached skill level 5 in Hexes
 11993 | Lair:2   | Reached skill level 5 in Summonings
 11993 | Lair:2   | Reached skill level 5 in Necromancy
 11993 | Lair:2   | Reached skill level 5 in Translocations
 11993 | Lair:2   | Reached skill level 5 in Transmutations
 11993 | Lair:2   | Reached skill level 5 in Fire Magic
 11993 | Lair:2   | Reached skill level 5 in Ice Magic
 11993 | Lair:2   | Reached skill level 5 in Air Magic
 11993 | Lair:2   | Reached skill level 5 in Earth Magic
 11993 | Lair:2   | Reached skill level 5 in Poison Magic
 12065 | Lair:2   | Reached * piety under Vehumet
 12065 | Lair:2   | Offered knowledge of Freeze by Vehumet.
 12143 | Lair:2   | Noticed a death yak
 12170 | Lair:2   | Killed a death yak
 12334 | Lair:2   | Noticed a seven-headed hydra
 12359 | Lair:2   | Learned a level 1 spell: Apportation
 12414 | Lair:2   | Learned a level 5 spell: Borgnjor's Vile Clutch
 12474 | Lair:2   | Noticed a death yak
 12507 | Lair:2   | Killed a death yak
 12632 | Lair:2   | Noticed a death yak
 12638 | Lair:2   | Noticed a death yak
 12638 | Lair:2   | Noticed a death yak
 12663 | Lair:2   | Killed a death yak
 12663 | Lair:2   | Killed a death yak
 12826 | Lair:1   | Killed a death yak
 13869 | Lair:2   | Reached XP level 12. HP: 78/89 MP: 6/24
 14056 | Lair:3   | Reached skill level 7 in Fighting
 14196 | Lair:3   | Found a staircase to the Swamp.
 14227 | Lair:3   | Noticed a six-headed hydra
 14239 | Lair:3   | Killed a six-headed hydra
 14385 | Lair:3   | Offered knowledge of Foxfire by Vehumet.
 14420 | Lair:2   | Killed a seven-headed hydra
 15298 | Lair:3   | Reached ** piety under Vehumet
 15340 | Lair:3   | Noticed a four-headed hydra
 15350 | Lair:3   | Killed a four-headed hydra
 16678 | Lair:4   | You fall into a shaft and drop 1 floor!
 16678 | Lair:5   | Noticed a death yak
 16678 | Lair:5   | Noticed a death yak
 16702 | Lair:5   | Noticed a five-headed hydra
 16715 | Lair:5   | Killed a five-headed hydra
 16716 | Lair:5   | Reached XP level 13. HP: 98/98 MP: 15/26
 16854 | Lair:5   | Reached skill level 8 in Fighting
 17347 | Lair:5   | Found a staircase to the Slime Pits.
 17555 | Lair:4   | Identified the +1 chain mail of the Unbroken {Contam rElec
                  | rN+ Dex+3}
 17648 | Lair:4   | Found a staircase to the Snake Pit.
 18104 | Lair:4   | Found a hide-covered altar of Uskayaw.
 18104 | Lair:4   | Found an ornate altar of the Wu Jian Council.
 18352 | Lair:4   | Offered knowledge of Ignite Poison by Vehumet.
 18357 | Lair:4   | Learned a level 3 spell: Ignite Poison
 18964 | Lair:5   | Reached skill level 10 in Conjurations
 19028 | Lair:5   | Learned a level 3 spell: Stone Arrow
 19049 | Lair:5   | Reached skill level 9 in Fighting
 19073 | Lair:5   | Reached *** piety under Vehumet
 19955 | Lair:6   | Entered Level 6 of the Lair of Beasts
 19969 | Lair:6   | Reached skill level 10 in Spellcasting
 20139 | Lair:6   | Learned a level 2 spell: Sublimation of Blood
 20692 | Lair:6   | Offered knowledge of Frozen Ramparts by Vehumet.
 20762 | Lair:6   | Reached XP level 14. HP: 95/109 MP: 14/28
 20770 | Lair:6   | Reached skill level 10 in Dodging
 20826 | Lair:6   | Reached skill level 10 in Fighting
 21112 | Lair:6   | Reached skill level 10 in Stealth
 21116 | Lair:6   | Learned a level 3 spell: Frozen Ramparts
 21656 | Lair:6   | Reached skill level 10 in Invocations
 22027 | Lair:6   | Reached **** piety under Vehumet
 22037 | Lair:6   | Offered knowledge of Conjure Flame by Vehumet.
 22240 | Lair:6   | Identified the +1 robe of Mezcal {Int+5}
 22658 | D:10     | Killed Urug
 22814 | D:10     | Identified a scroll of acquirement
 22815 | D:10     | Acquired a staff of poison
 23297 | D:10     | Noticed Sonja
 23300 | D:10     | Killed Sonja
 23450 | D:10     | Found a glowing golden altar of the Shining One.
 24894 | D:12     | Found a staircase to the Orcish Mines.
 24894 | D:12     | Found Nailu's Weapon Boutique.
 24902 | D:12     | Reached skill level 11 in Fighting
 25112 | D:12     | Noticed Maurice
 25119 | D:12     | Killed Maurice
 25505 | D:12     | Reached ***** piety under Vehumet
 25844 | D:13     | Reached XP level 15. HP: 118/118 MP: 23/29
 26007 | D:13     | Noticed Josephine
 26013 | D:13     | Killed Josephine
 26438 | D:13     | Offered knowledge of Hailstorm by Vehumet.
 26588 | D:13     | Acquired an Inescapable Atlas
 26593 | D:13     | Learned a level 2 spell: Blink
 26744 | D:14     | Noticed Agnes
 26965 | Lair:1   | Killed Gastronok
 27379 | Snake:1  | Entered Level 1 of the Snake Pit
 27927 | Snake:1  | Noticed Aizul
 27949 | Snake:1  | Reached skill level 10 in Short Blades
 27949 | Snake:1  | Reached skill level 10 in Long Blades
 27949 | Snake:1  | Reached skill level 10 in Axes
 27949 | Snake:1  | Reached skill level 10 in Maces & Flails
 27949 | Snake:1  | Reached skill level 10 in Polearms
 27949 | Snake:1  | Reached skill level 10 in Staves
 27949 | Snake:1  | Reached skill level 10 in Slings
 27949 | Snake:1  | Reached skill level 10 in Bows
 27949 | Snake:1  | Reached skill level 10 in Crossbows
 27949 | Snake:1  | Reached skill level 10 in Throwing
 27949 | Snake:1  | Reached skill level 10 in Armour
 27949 | Snake:1  | Reached skill level 10 in Shields
 27949 | Snake:1  | Reached skill level 10 in Unarmed Combat
 27949 | Snake:1  | Reached skill level 10 in Evocations
 28201 | Snake:1  | Killed Aizul
 28807 | Snake:1  | Identified the +1 leather armour of Ashenzari's Pride {rF+
                  | Will- Str+6}
 29247 | Snake:1  | Reached skill level 12 in Fighting
 29540 | Snake:1  | Noticed a nagaraja
 29542 | Snake:1  | HP: 5/120 [nagaraja/splash of poison (4)]
 29542 | Snake:1  | Slain by a nagaraja

Illustrated notes

Levels and vault maps discovered:
D:1:      mainiacjoe_arrival_reflecting_pool, layout_loops_ring, serial_shops,
          nicolae_shop_statue_plus, shapermc_ecumenical_altar_acropolis
D:2:      layout_loops_cross
D:3:      layout_basic, nicolae_dithmenos_through_a_glass_darkly,
          lemuel_doored_altar, uniq_jessica
D:4:      layout_gridville, mainiacjoe_overflow_small_starburst,
          nicolae_overflow_crystal_walls,
          nicolae_uskayaw_murder_on_the_dancefloor
D:5:      layout_basic, mainiacjoe_overflow_paths, kennysheep_nub,
          uniq_prince_ribbit1
D:6:      layout_gridville, minmay_temple_entry_waves
D:7:      layout_basic, uniq_crazy_yiuf_cottage
D:8:      layout_cave_pools, mainiacjoe_overflow_concentric_impassable,
          david_lair_generic, enter_bailey_3, roderic_serpentine_path
D:9:      layout_basic, lightli_temple_of_fire, hangedman_decor_peaks_small
D:10:     layout_cave_pools, mainiacjoe_overflow_boulevard,
          nicolae_tso_carved_into_rock, fountainhead, kennysheep_nondescript,
          bh_walls_and_bars, uniq_urug, uniq_sonja, uniq_erica
D:11:     layout_loops_ring, serial_ice, serial_ice_l, serial_ice_m,
          serial_ice_a, serial_ice_e
D:12:     layout_stronghold, orc_david_3, uniq_maurice
D:13:     layout_irregular_city, uniq_josephine
D:14:     layout_basic, erik_vaults_1, uniq_agnes, uniq_roxanne, uniq_snorg
Temple:   minmay_temple_bridge_abc
Lair:1:   layout_concentric_octagons, gauntlet_entry_generic,
          minmay_lair_oklob_chamber, uniq_gastronok, uniq_maggie, uniq_grum
Lair:2:   layout_gridlike, guppyfry_lair_drakes, infiniplex_staircase_pool_2
Lair:3:   layout_layer_cave, swamp_mist, grunt_megastairs_3
Lair:4:   layout_cave_shapes, dummy_snake_entry, nzn_masters_of_martial_movement
Lair:5:   layout_layer_cave, minmay_slime_entry_oklob_open
Lair:6:   grunt_lair_end_beastmaster, layout_loops_ring,
          grunt_forest_small_clearing_treed
Snake:1:  hangedman_cross_veins, layout_misc_corridors, uniq_aizul

Skill      XL: |  1  2  3  4  5  6  7  8  9 10 11 12 13 14 15 |
---------------+----------------------------------------------+-----
Spellcasting   | 5 6 7 8 9 10 11 | 11.2
Fighting       | 1 2 3 4 5 6 7 9 11 12 | 12.0
Short Blades   | 1 2 3 4 5 6 7 8 9 10 | 10.2
Long Blades    | 1 2 3 4 5 6 7 8 9 10 | 10.2
Axes           | 1 2 3 4 5 6 7 8 9 10 | 10.2
Maces & Flails | 1 2 3 4 5 6 7 8 9 10 | 10.2
Polearms       | 1 2 3 4 5 6 7 8 9 10 | 10.2
Staves         | 1 2 3 4 5 6 7 8 9 10 | 10.2
Slings         | 1 2 3 4 5 6 7 8 9 10 | 10.2
Bows           | 1 2 3 4 5 6 7 8 9 10 | 10.2
Crossbows      | 1 2 3 4 5 6 7 8 9 10 | 10.2
Throwing       | 1 2 3 4 5 6 7 8 9 10 | 10.2
Armour         | 1 2 3 4 5 6 7 8 9 10 | 10.2
Shields        | 1 2 3 4 5 6 7 8 9 10 | 10.2
Unarmed Combat | 1 2 3 4 5 6 7 8 9 10 | 10.2
Hexes          | 1 2 3 4 5 6 7 8 |  8.6
Summonings     | 1 2 3 4 5 6 7 8 |  8.6
Necromancy     | 1 2 3 4 5 6 7 8 |  8.6
Translocations | 1 2 3 4 5 6 7 8 |  8.6
Transmutations | 1 2 3 4 5 6 7 8 |  8.6
Fire Magic     | 1 2 3 4 5 6 7 8 |  8.6
Ice Magic      | 1 2 3 4 5 6 7 8 |  8.6
Air Magic      | 1 2 3 4 5 6 7 8 |  8.6
Earth Magic    | 1 2 3 4 5 6 7 8 |  8.6
Poison Magic   | 1 2 3 4 5 6 7 8 |  8.6
Invocations    | 1 2 3 4 5 6 7 8 9 10 11 | 11.0
Evocations     | 1 2 3 4 5 6 7 8 9 10 | 10.2
Dodging        | 5 6 7 8 9 10 11 | 11.1
Stealth        | 5 6 7 8 9 10 11 | 11.0
Conjurations   | 8 9 10 11 | 11.0

Action                   |  1- 3 |  4- 6 |  7- 9 | 10-12 | 13-15 || total
-------------------------+-------+-------+-------+-------+-------++-------
Melee: Unarmed           |     2 |       |       |       |       ||     2
       Short sword       |       |     2 |    15 |       |       ||    17
       Bite              |       |       |     5 |    15 |    14 ||    34
       Mace              |       |       |     4 |       |       ||     4
       Spear             |       |       |    21 |   189 |    33 ||   243
       Dagger            |       |       |    20 |       |       ||    20
       Punch             |       |       |       |     3 |     1 ||     4
       Trident           |       |       |       |       |    83 ||    83
       Staff             |       |       |       |       |    21 ||    21
 Cast: Magic Dart        |    51 |    90 |    84 |    99 |    14 ||   338
       Searing Ray       |       |     5 |    45 |    44 |    37 ||   131
       Olgreb's Toxic Ra |       |       |       |    74 |   105 ||   179
       Borgnjor's Vile C |       |       |       |    22 |    43 ||    65
       Apportation       |       |       |       |     1 |     2 ||     3
       Stone Arrow       |       |       |       |       |   162 ||   162
       Ignite Poison     |       |       |       |       |    27 ||    27
       Frozen Ramparts   |       |       |       |       |    22 ||    22
       Mephitic Cloud    |       |       |       |       |     3 ||     3
       Blink             |       |       |       |       |     1 ||     1
Evoke: Wand              |       |       |       |     4 |       ||     4
  Use: Potion            |       |       |       |     1 |       ||     1
       Scroll            |       |       |       |       |    22 ||    22
 Stab: Sleeping          |       |       |       |       |     1 ||     1
Armor: Robe              |     1 |       |    39 |   109 |   113 ||   262
Dodge: Dodged            |     4 |    10 |    69 |   269 |   248 ||   600

Table legend: (Time is in decaauts)
 A = Elapsed time spent in this place.
 B = Non-inter-level travel time spent in this place.
 C = Inter-level travel time spent in this place.
 D = Time resting spent in this place.
 E = Time spent auto-exploring this place.
 F = Levels seen in this place.
 G = Mean time per level.
                   A        B        C        D        E       F      G
               +--------+--------+--------+--------+--------+-----+--------+
         Total |  29548 |  26334 |   3214 |    857 |  21646 |  22 | 1343.1 |
       Dungeon |  15035 |  13057 |   1978 |    115 |  11334 |  14 | 1073.9 |
        Temple |    210 |    191 |     19 |      0 |    182 |   1 |  210.0 |
          Lair |  12757 |  11566 |   1191 |    730 |   8806 |   6 | 2126.2 |
     Snake Pit |   1544 |   1520 |     24 |     12 |   1323 |   1 | 1544.0 |
               +--------+--------+--------+--------+--------+-----+--------+

Top non-repeatable levels by time:
  Lair:1: 2238 daAuts
  Lair:2: 2199 daAuts
  Lair:6: 2157 daAuts
  Lair:4: 2121 daAuts
  Lair:5: 2090 daAuts
  Lair:3: 1950 daAuts
 Snake:1: 1544 daAuts
     D:5: 1429 daAuts
     D:6: 1302 daAuts
     D:3: 1259 daAuts
     D:7: 1227 daAuts
    D:10: 1225 daAuts
     D:8: 1222 daAuts
     D:1: 1191 daAuts
    D:12: 1186 daAuts
